 Dungeon Crawl Stone Soup version 0.24.0-37-gcf1ca852f1 (webtiles) character file.

Game seed: 6044786572816650867, levelgen mode: deterministic

79 FishyPogo the Ducker (level 4, -1/41 HPs)
             Began as a Gnoll Monk on Nov 24, 2019.
             Was a Follower of Okawaru.
             Slain by a human (5 damage)
             ... on level 2 of the Dungeon.
             The game lasted 00:05:51 (1590 turns).

FishyPogo the Ducker (Gnoll Monk)                   Turns: 1590, Time: 00:05:52

Health: -1/41      AC:  2    Str: 13    XL:     4   Next: 38%
Magic:  5/5        EV: 15    Int: 13    God:    Okawaru [*.....]
Gold:   131        SH:  0    Dex: 18    Spells: 5/5 levels left

rFire    . . .     SeeInvis .   d - +2 short sword (protect)
rCold    . . .     Gourm    .   (no shield)
rNeg     . . .     Faith    .   b - +0 robe
rPois    .         Spirit   .   (no helmet)
rElec    .         Reflect  .   (no cloak)
rCorr    .         Harm     .   (no gloves)
MR       .....                  (no boots)
Stlth    +++.......             (no amulet)
HPRegen  0.13/turn              k - ring of stealth
MPRegen  0.09/turn              (no ring)

@: heavily drained
A: distributed training, fangs 1, strong nose
a: Heroism, Renounce Religion


You were on level 2 of the Dungeon.
You worshipped Okawaru.
Okawaru was aware of your devotion.
You were not hungry.

You visited 1 branch of the dungeon, and saw 3 of its levels.

You collected 131 gold pieces.

Inventory:

Hand Weapons
 a - a +0 falchion
 d - a +2 short sword of protection (weapon)
 n - a +1 hand axe of electrocution
Missiles
 l - 22 poisoned darts (quivered)
 m - 102 stones
Armour
 b - a +0 robe (worn)
 o - a cursed +0 leather armour
Jewellery
 k - a ring of stealth (left hand)
Wands
 j - a wand of disintegration (10)
Scrolls
 g - 4 scrolls of identify {unknown}
 i - a scroll of magic mapping {unknown}
 s - a scroll of immolation {unknown}
Potions
 e - 2 potions of haste {unknown}
 h - a potion of resistance {unknown}
 p - a potion of curing {unknown}
 q - 2 potions of invisibility {unknown}
Comestibles
 c - 6 rations
 f - a chunk of flesh


   Skills:
 + Level 6.6(4.8) Fighting
 + Level 1.1(0.0) Short Blades
 + Level 6.6(4.8) Long Blades
 + Level 1.1(0.0) Axes
 + Level 1.1(0.0) Maces & Flails
 + Level 1.1(0.0) Polearms
 + Level 1.1(0.0) Staves
 + Level 1.1(0.0) Slings
 + Level 1.1(0.0) Bows
 + Level 1.1(0.0) Crossbows
 + Level 1.1(0.0) Throwing
 + Level 1.1(0.0) Armour
 + Level 6.6(4.8) Dodging
 + Level 4.2(2.5) Stealth
 + Level 1.1(0.0) Shields
 + Level 1.1(0.0) Unarmed Combat
 + Level 1.1(0.0) Spellcasting
 + Level 0.8(0.0) Conjurations
 + Level 0.8(0.0) Hexes
 + Level 0.8(0.0) Charms
 + Level 0.8(0.0) Summonings
 + Level 0.8(0.0) Necromancy
 + Level 0.8(0.0) Translocations
 + Level 0.8(0.0) Transmutations
 + Level 0.8(0.0) Fire Magic
 + Level 0.8(0.0) Ice Magic
 + Level 0.8(0.0) Air Magic
 + Level 0.8(0.0) Earth Magic
 + Level 0.8(0.0) Poison Magic
 + Level 1.2(0.0) Invocations
 + Level 1.1(0.0) Evocations


You had 5 spell levels left.
You didn't know any spells.
Your spell library was empty.

Dungeon Overview and Level Annotations

Branches:
Dungeon (3/15)

Altars:
Fedhas
Okawaru
Qazlal
Trog
Uskayaw
Yredelemnul


Innate Abilities, Weirdness & Mutations

Your experience applies equally to all skills.
You have very sharp teeth.
Your uncanny sense of smell can sniff out nearby items.


Message History

You barely miss the human.
The human is lightly wounded.
The human hits you. The human hits you!
You closely miss the human.
The human is lightly wounded.
The human hits you!
* * * LOW HITPOINT WARNING * * *
You miss the human.
The human is lightly wounded.
The human hits you.
* * * LOW HITPOINT WARNING * * *
You barely miss the human.
The human is lightly wounded.
The human misses you.
You closely miss the human. You bite the human.
The human is lightly wounded.
The human hits you!
* * * LOW HITPOINT WARNING * * *
The human hits you.
You die...

#.$.# #### #._.#
(.######...# ## ##
#.##...#####..##
###.######.##...........#
#
#.......)........#'#....#
.##
#.#.#........†.#.#...!#
.). #...##.##.p..###....#
#.###.####.##@..........#
#.....# #.##.####......#
###.### #.##.# #<######
#.# #.##.# #.# #.# #.##.#
#.# #.# #.# ####.# #.#
#....# #.# . #.####


You could see a human.

Vanquished Creatures
  A gnoll (D:1)
  2 adders (D:2)
  2 leopard geckos
  2 goblins
  7 hobgoblins
  2 jackals (D:1)
  9 kobolds
  3 quokkas
  2 ball pythons
  8 bats
  3 frilled lizards
  A jackal zombie (D:2)
  7 rats
49 creatures vanquished.

Notes
Turn   | Place    | Note
-------+----------+-------------------------------------------
     0 | D:1      | FishyPogo the Gnoll Monk began the quest for the Orb.
     0 | D:1      | Reached XP level 1. HP: 23/23 MP: 1/1
   127 | D:1      | Reached XP level 2. HP: 23/29 MP: 2/2
   425 | D:3      | Reached XP level 3. HP: 35/35 MP: 3/3
   805 | D:3      | Found a stormy altar of Qazlal.
   813 | D:3      | Found an iron altar of Okawaru.
   815 | D:3      | Found a bloodstained altar of Trog.
   815 | D:3      | Found a hide-covered altar of Uskayaw.
   818 | D:3      | Became a worshipper of Warmaster Okawaru
   818 | D:3      | Reached * piety under Okawaru
   818 | D:3      | Reached ** piety under Okawaru
   820 | D:3      | Found a blossoming altar of Fedhas.
   992 | D:2      | Reached skill level 1 in Invocations
  1001 | D:2      | Reached skill level 1 in Short Blades
  1001 | D:2      | Reached skill level 1 in Axes
  1001 | D:2      | Reached skill level 1 in Maces & Flails
  1001 | D:2      | Reached skill level 1 in Polearms
  1001 | D:2      | Reached skill level 1 in Staves
  1001 | D:2      | Reached skill level 1 in Slings
  1001 | D:2      | Reached skill level 1 in Bows
  1001 | D:2      | Reached skill level 1 in Crossbows
  1001 | D:2      | Reached skill level 1 in Throwing
  1001 | D:2      | Reached skill level 1 in Armour
  1001 | D:2      | Reached skill level 1 in Shields
  1001 | D:2      | Reached skill level 1 in Unarmed Combat
  1001 | D:2      | Reached skill level 1 in Spellcasting
  1001 | D:2      | Reached skill level 1 in Evocations
  1034 | D:1      | Reached XP level 4. HP: 34/41 MP: 5/5
  1563 | D:2      | Found a runed translucent door.
  1563 | D:2      | Noticed a human
  1569 | D:2      | Found a basalt altar of Yredelemnul.
  1590 | D:2      | Slain by a human

Levels and vault maps discovered:
D:1:      dpeg_arrival_radiant, layout_rooms
D:2:      layout_loops_ring, dk_yredelemnul_ordeal
D:3:      layout_loops_ring, minitemple, first_ration,
          nicolae_tso_swordbearing_angel

Skill      XL: |  1  2  3 |
---------------+----------+-----
Invocations    | 1 |  1.2
Short Blades   | 1 |  1.1
Axes           | 1 |  1.1
Maces & Flails | 1 |  1.1
Polearms       | 1 |  1.1
Staves         | 1 |  1.1
Slings         | 1 |  1.1
Bows           | 1 |  1.1
Crossbows      | 1 |  1.1
Throwing       | 1 |  1.1
Armour         | 1 |  1.1
Shields        | 1 |  1.1
Unarmed Combat | 1 |  1.1
Spellcasting   | 1 |  1.1
Evocations     | 1 |  1.1
Fighting       | |  6.6
Long Blades    | |  6.6
Dodging        | |  6.6
Stealth        | |  4.2
Conjurations   | |  0.8
Hexes          | |  0.8
Charms         | |  0.8
Summonings     | |  0.8
Necromancy     | |  0.8
Translocations | |  0.8
Transmutations | |  0.8
Fire Magic     | |  0.8
Ice Magic      | |  0.8
Air Magic      | |  0.8
Earth Magic    | |  0.8
Poison Magic   | |  0.8

Action                   |  1- 3 |  4- 6 || total
-------------------------+-------+-------++-------
Melee: Short sword       |    62 |    46 ||   108
       Falchion          |     5 |       ||     5
       Bite              |     3 |     1 ||     4
       Punch             |     1 |       ||     1
 Stab: Sleeping          |    12 |     2 ||    14
  Eat: Chunk             |       |     2 ||     2
Armor: Robe              |    13 |    15 ||    28
Dodge: Dodged            |    58 |    32 ||    90
